 Dungeon Crawl Stone Soup version 0.27.1-34-g3ba077fa99 (webtiles) character file.

Game seed: 12850589667164242765

310 comborobin the Sneak (level 6, -1/51 HPs)
             Began as a Vampire Delver on Jan 8, 2022.
             Shot with an arrow by a centaur (9 damage)
             ... on level 5 of the Dungeon.
             The game lasted 00:01:58 (1195 turns).

comborobin the Sneak (Vampire Delver)               Turns: 1195, Time: 00:01:59

Health: -1/51      AC:  4    Str: 11    XL:     6   Next: 18%
Magic:  8/8        EV: 12    Int: 13    God:
Gold:   51         SH:  0    Dex: 17    Spells: 8/8 levels left

rFire    . . .     SeeInvis +   a - +0 short sword
rCold    + . .     Faith    .   (no shield)
rNeg     . . .     Spirit   .   b - +0 leather armour
rPois    .         Reflect  .   (helmet restricted)
rElec    .         Harm     .   f - +0 cloak
rCorr    .         Rampage  .   (no gloves)
Will     .....                  (no boots)
Stlth    ++++......             (no amulet)
HPRegen  0.37/turn              (no ring)
MPRegen  0.11/turn              (no ring)

@: healing quickly
A: alive, fangs 3, see invisible, vampiric 2, horns 1, agile 1, cold resistance
1, dopey 1, robust 1
a: Exsanguinate


You were on level 5 of the Dungeon.
You visited 1 branch of the dungeon, and saw 2 of its levels.

You collected 51 gold pieces.

Inventory:

Hand Weapons
 a - a +0 short sword (weapon)
Missiles
 i - 22 poisoned darts (quivered)
Armour
 b - a +0 leather armour (worn)
 f - a +0 cloak (worn)
Wands
 g - a wand of digging (3)
Scrolls
 c - a scroll of fog
 d - a scroll of magic mapping
 h - a scroll of teleportation {unknown}


   Skills:
 - Level 3.1 Fighting
 - Level 6.2 Short Blades
 - Level 2.1 Dodging
 - Level 7.7 Stealth
 + Level 1.7 Spellcasting


You had 8 spell levels left.
You didn't know any spells.
Your spell library contained the following spells:

 Spells                   Type           Power      Damage    Failure   Level
 Leda's Liquefaction      Hex/Erth       0%         N/A       98%         4
 Bolt of Magma            Conj/Fire/Erth 0%         4d4       100%        5
 Statue Form              Tmut/Erth      0%         N/A       100%        6


Dungeon Overview and Level Annotations

Branches:
Dungeon (6/15)
 Temple: D:4-7

Altars:

Shops:
D:5 [


Innate Abilities, Weirdness & Mutations

Your natural rate of healing is accelerated.
You have razor-sharp teeth.
You have supernaturally acute eyesight. (SInv)
You are afflicted with vampirism and can become a bat while bloodless.
You have a pair of small horns on your head.
You are agile. (Dex +2)
Your flesh is cold resistant. (rC+)
You are dopey. (Int -2)
You are robust. (+10% HP)


Message History

Anything else - Cancel.
You shout for attention!
The centaur shoots an arrow.
The arrow hits you!
The centaur shoots an arrow.
The arrow barely misses you.
The centaur shoots an arrow.
The arrow hits you.
There is a stone staircase leading down here.
The centaur shoots an arrow.
The arrow barely misses you.
The centaur shoots an arrow.
The arrow hits you.
You climb downwards.
There is a stone staircase leading up here.
You start resting.
HP restored.
You climb upwards.
The centaur shoots an arrow.
The arrow barely misses you.
The centaur shoots an arrow.
The arrow hits you!
There is a stone staircase leading down here.
The centaur shoots an arrow.
The arrow hits you.
The centaur shoots an arrow.
The arrow closely misses you.
You climb downwards.
There is a stone staircase leading up here.
You start resting.
HP restored.
You climb upwards.
The centaur shoots an arrow.
The arrow hits you.
The centaur shoots an arrow.
The arrow hits you.
There is a stone staircase leading down here.
The centaur shoots an arrow.
The arrow hits you.
The centaur shoots an arrow.
The arrow hits you.
You climb downwards.
There is a stone staircase leading up here.
Unknown command.
Unknown command.
You start resting.
HP restored.
You climb upwards.
The centaur shoots an arrow.
The arrow hits you!
The centaur shoots an arrow.
The arrow hits you!
There is a stone staircase leading down, spattered with blood here.
The centaur shoots an arrow.
The arrow hits you!
The centaur shoots an arrow.
The arrow hits you!
* * * LOW HITPOINT WARNING * * *
The centaur shoots an arrow.
The arrow hits you!
You die...

#...........###
#..###....#...##
##..##...)###..### #
##..#....# ##...###.#
.## ##.######
###...#.##...
#.########
###.#.....#
#........# #....[#
########.######...#.#
#...@##......#
####.........#####
####..........
#...c..#.. #......#.#
##......#.#
####.........# ###
...........#####...
#.###.......#.....#


You could see a centaur.

Vanquished Creatures
  An ice beast (D:5)
  A centaur (D:5)
  2 hounds
  2 iguanas (D:5)
  An adder (D:5)
  2 ufetubi (D:5)
  2 worms (D:5)
  An orc (D:5)
  A quokka (D:5)
13 creatures vanquished.

Vanquished Creatures (others)
  8 fungi (D:6)
8 creatures vanquished.

Grand Total: 21 creatures vanquished

Notes
Turn   | Place    | Note
-------+----------+-------------------------------------------
     0 | D:5      | comborobin the Vampire Delver began the quest for the Orb.
     0 | D:5      | Reached XP level 1. HP: 17/17 MP: 1/1
    20 | D:6      | Noticed a hound
    31 | D:6      | Killed a hound
    32 | D:6      | Reached XP level 2. HP: 22/23 MP: 2/2
    69 | D:5      | Found Jiebuh's Antique Armour Emporium.
    91 | D:5      | Gained mutation: You are afflicted with vampirism and can
                  | become a bat while bloodless. [Vampire growth]
    91 | D:5      | Reached XP level 3. HP: 16/28 MP: 3/3
   484 | D:5      | Noticed a centaur
   486 | D:5      | Killed a centaur
   487 | D:5      | Reached skill level 5 in Short Blades
   487 | D:5      | Reached XP level 4. HP: 34/34 MP: 4/4
   487 | D:5      | Reached XP level 5. HP: 39/39 MP: 5/5
   494 | D:5      | Noticed an ice beast
   500 | D:5      | Killed an ice beast
   682 | D:5      | Gained mutation: You are dopey. (Int -2) [potion of
                  | mutation]
   682 | D:5      | Gained mutation: You are clumsy. (Dex -2) [potion of
                  | mutation]
   682 | D:5      | Gained mutation: Your flesh is cold resistant. (rC+)
                  | [potion of mutation]
   682 | D:5      | Gained mutation: You are partially covered in iridescent
                  | scales. (AC +2) [potion of mutation]
   741 | D:5      | Lost mutation: You are clumsy. (Dex -2) [potion of
                  | mutation]
   741 | D:5      | Lost mutation: You are partially covered in iridescent
                  | scales. (AC +2) [potion of mutation]
   741 | D:5      | Gained mutation: You have a pair of small horns on your
                  | head. [potion of mutation]
   741 | D:5      | Gained mutation: You are robust. (+10% HP) [potion of
                  | mutation]
   741 | D:5      | Gained mutation: You are agile. (Dex +2) [potion of
                  | mutation]
   771 | D:5      | Reached skill level 1 in Spellcasting
   771 | D:5      | Reached XP level 6. HP: 14/51 MP: 5/7
  1195 | D:5      | Shot with an arrow by a centaur

Illustrated notes

Levels and vault maps discovered:
D:5:      layout_rooms, mainiacjoe_overflow_big_doors, serial_shops, shop
D:6:      layout_loops_cross, lemuel_tele_altar, serial_aquarium,
          aquarium_bridge_straight [aquarium_subvault_bridge,
          aquarium_subvault_wall, aquarium_subvault_bridge,
          aquarium_subvault_wall], aquarium_window_2, aquarium_window_fake,
          aquarium_window_fake, aquarium_view_2c, aquarium_view_2d,
          aquarium_balcony_1b, minmay_a_box_with_orc_wizards_in_it

Skill      XL: |  1  2  3  4  5 |
---------------+----------------+-----
Short Blades   | 3 4 5 6 |  6.2
Fighting       | 3 |  3.1
Spellcasting   | 1 |  1.7
Dodging        | |  2.1
Stealth        | |  7.7

Action                   |  1- 3 |  4- 6 || total
-------------------------+-------+-------++-------
Melee: Short sword       |    36 |    55 ||    91
       Bite              |     2 |     1 ||     3
       Headbutt          |       |     4 ||     4
Throw: Dart              |     8 |    11 ||    19
  Use: Potion            |     1 |     2 ||     3
       Scroll            |     1 |     2 ||     3
 Stab: Sleeping          |     1 |     1 ||     2
Armor: Leather armour    |     8 |    13 ||    21
Dodge: Dodged            |    53 |    28 ||    81
